[ AOE2 MATCH · #494559741 ]
UnrankedSicilians vs Magyars
Player's team · LOSS
Rival team · WIN
[ REPLAY ANALYSIS · EXTRACTED FROM THE RECORDED GAME ]
Feudal
10:33
Castle
14:51
Imperial
37:18
| APM avg | 35.5 |
| APM peak | 75 |
| eAPM avg | 22.8 |
| Villagers / military | 339 / 1632 |
Focus
⚔️ 52.6% · 🌾 47.4%
Scout Cavalry ×852 · Spearman ×653 · Serjeant ×103 · Trebuchet (Packed) ×12 · Cavalry Archer ×5 · Mangonel ×3
Feudal
8:53
Castle
20:05
Imperial
36:34
| APM avg | 73.7 |
| APM peak | 125 |
| eAPM avg | 43.0 |
| Villagers / military | 664 / 1164 |
Focus
⚔️ 56.7% · 🌾 43.3%
Scout Cavalry ×652 · Magyar Huszar ×176 · Cavalry Archer ×176 · Militia ×133 · Trebuchet (Packed) ×20 · Monk ×4
Match map
Initial resources + every placement click. Lines = walls · curves = elevation contours. ◆ gold · ⬟ stone · ● berries · ✦ relic · ◌ wall gap
Your base· Open — unwalled flank
beta55's base· Open — unwalled flank
Smoothed initial terrain · ◌ = detected wall gap · hover for details
Inputs per minute
— itsaureus - - beta55
Build order — itsaureus
First 150 of 1095 actions detected
| 0:00 | Queue | Villager (Male) |
| 0:02 | Build | House |
| 0:05 | Build | House |
| 0:24 | Queue | Villager (Male) |
| 0:24 | Queue | Villager (Male) |
| 0:48 | Queue | Villager (Male) |
| 0:49 | Queue | Villager (Male) |
| 1:31 | Queue | Villager (Male) |
| 2:04 | Queue | Villager (Male) |
| 2:32 | Queue | Villager (Male) |
| 2:55 | Queue | Villager (Male) |
| 3:21 | Queue | Villager (Male) |
| 3:21 | Queue | Villager (Male) |
| 3:34 | Build | Lumber Camp |
| 3:42 | Build | House |
| 3:43 | Build | House |
| 3:47 | Queue | Villager (Male) |
| 3:48 | Queue | Villager (Male) |
| 4:36 | Queue | Villager (Male) |
| 4:36 | Queue | Villager (Male) |
| 4:36 | Queue | Villager (Male) |
| 4:52 | Queue | Villager (Male) |
| 4:53 | Queue | Villager (Male) |
| 5:55 | Build | Mill |
| 6:37 | Queue | Villager (Male) |
| 6:37 | Queue | Villager (Male) |
| 6:48 | Build | Donjon |
| 7:21 | Queue | Villager (Male) |
| 7:22 | Research | Loom |
| 7:35 | Build | Mining Camp |
| 8:14 | Research | Feudal Age |
| 8:25 | Queue | Villager (Male) |
| 8:27 | Build | Palisade Wall |
| 8:33 | Build | Palisade Wall |
| 8:45 | Queue | Villager (Male) |
| 9:03 | Build | Palisade Wall |
| 9:05 | Build | Palisade Wall |
| 9:11 | Build | Palisade Wall |
| 9:12 | Build | Palisade Wall |
| 10:33 | Age | Feudal Age |
| 10:41 | Build | Archery Range |
| 10:59 | Build | Blacksmith |
| 11:35 | Build | House |
| 11:37 | Build | Palisade Wall |
| 11:38 | Build | Palisade Wall |
| 11:58 | Build | Farm |
| 12:11 | Research | Castle Age |
| 12:31 | Build | Farm |
| 12:47 | Research | Fletching |
| 12:57 | Build | Farm |
| 13:28 | Build | Farm |
| 13:35 | Queue | Villager (Male) |
| 13:53 | Build | Farm |
| 14:09 | Build | Farm |
| 14:47 | Queue | Spearman |
| 14:51 | Age | Castle Age |
| 15:02 | Queue | Villager (Male) |
| 15:19 | Queue | Villager (Male) |
| 15:41 | Queue | Villager (Male) |
| 15:42 | Queue | Villager (Male) |
| 16:08 | Build | Town Center |
| 16:12 | Queue | Villager (Male) |
| 16:36 | Queue | Villager (Male) |
| 17:04 | Queue | Villager (Male) |
| 17:06 | Queue | Villager (Male) |
| 17:08 | Queue | Cavalry Archer |
| 17:13 | Build | Farm |
| 17:21 | Queue | Villager (Male) |
| 17:22 | Queue | Cavalry Archer |
| 17:36 | Build | House |
| 17:37 | Build | House |
| 17:40 | Research | Town Watch |
| 17:52 | Build | Farm |
| 17:54 | Build | Farm |
| 17:55 | Build | Farm |
| 18:00 | Queue | Villager (Male) |
| 18:03 | Queue | Cavalry Archer |
| 18:12 | Queue | Villager (Male) |
| 18:14 | Build | Farm |
| 18:38 | Queue | Villager (Male) |
| 18:40 | Build | Farm |
| 18:42 | Build | Farm |
| 18:45 | Build | Farm |
| 18:49 | Queue | Cavalry Archer |
| 18:59 | Build | House |
| 19:35 | Queue | Villager (Male) |
| 19:43 | Queue | Villager (Male) |
| 20:00 | Queue | Villager (Male) |
| 20:03 | Build | Farm |
| 20:15 | Queue | Villager (Male) |
| 20:16 | Queue | Cavalry Archer |
| 20:21 | Build | Farm |
| 20:33 | Queue | Villager (Male) |
| 20:33 | Queue | Villager (Male) |
| 20:37 | Research | Double-Bit Axe |
| 20:39 | Queue | Villager (Male) |
| 20:47 | Build | Farm |
| 20:57 | Build | Farm |
| 21:07 | Queue | Villager (Male) |
| 21:12 | Queue | Villager (Male) |
| 21:12 | Queue | Villager (Male) |
| 21:24 | Queue | Villager (Male) |
| 21:32 | Build | House |
| 21:33 | Build | Market |
| 21:39 | Research | Bodkin Arrow |
| 21:59 | Queue | Villager (Male) |
| 22:20 | Queue | Villager (Male) |
| 22:20 | Queue | Villager (Male) |
| 22:23 | Queue | Villager (Male) |
| 22:27 | Build | Farm |
| 22:40 | Build | House |
| 23:12 | Queue | Villager (Male) |
| 23:12 | Queue | Villager (Male) |
| 23:17 | Queue | Spearman ×5 |
| 23:23 | Build | Siege Workshop |
| 23:29 | Queue | Villager (Male) |
| 23:30 | Queue | Villager (Male) |
| 23:35 | Build | Barracks |
| 23:42 | Build | Farm |
| 23:48 | Queue | Villager (Male) |
| 23:57 | Build | Farm |
| 24:11 | Queue | Mangonel |
| 24:22 | Research | Pikeman (upgrade) |
| 24:35 | Queue | Spearman |
| 24:39 | Build | House |
| 24:49 | Build | House |
| 24:53 | Research | Gold Mining |
| 24:56 | Research | Horse Collar |
| 25:06 | Queue | Spearman |
| 25:22 | Queue | Villager (Male) |
| 25:22 | Queue | Villager (Male) |
| 25:45 | Queue | Villager (Male) |
| 25:45 | Queue | Villager (Male) |
| 26:04 | Queue | Villager (Male) |
| 26:06 | Queue | Scorpion |
| 26:23 | Queue | Villager (Male) |
| 26:24 | Queue | Villager (Male) |
| 26:33 | Build | Town Center |
| 27:02 | Queue | Spearman |
| 27:02 | Queue | Spearman |
| 27:03 | Queue | Spearman |
| 27:03 | Queue | Spearman |
| 27:04 | Queue | Villager (Male) |
| 27:05 | Queue | Villager (Male) |
| 27:06 | Build | Farm |
| 27:07 | Build | Farm |
| 27:07 | Build | Farm |
| 27:37 | Queue | Villager (Male) |
| 27:37 | Queue | Villager (Male) |
| 27:39 | Build | House |
Build order — beta55
First 150 of 1717 actions detected
| 0:01 | Queue | Villager (Male) ×4 |
| 0:02 | Build | House |
| 0:02 | Build | House |
| 0:04 | Build | House |
| 1:25 | Queue | Villager (Male) |
| 1:40 | Queue | Villager (Male) |
| 2:11 | Queue | Villager (Male) |
| 2:15 | Build | Lumber Camp |
| 2:42 | Build | House |
| 2:46 | Queue | Villager (Male) |
| 3:18 | Queue | Villager (Male) |
| 3:23 | Queue | Villager (Male) |
| 4:03 | Queue | Villager (Male) |
| 4:32 | Queue | Villager (Male) |
| 4:59 | Queue | Villager (Male) |
| 5:10 | Build | Barracks |
| 5:22 | Queue | Villager (Male) |
| 5:22 | Queue | Villager (Male) |
| 5:22 | Queue | Villager (Male) |
| 5:37 | Queue | Villager (Male) |
| 5:37 | Queue | Villager (Male) |
| 5:37 | Queue | Villager (Male) |
| 5:44 | Build | House |
| 6:14 | Research | Loom |
| 6:43 | Research | Feudal Age |
| 7:46 | Build | Mill |
| 8:28 | Build | House |
| 8:29 | Build | Palisade Wall |
| 8:41 | Queue | Villager (Male) |
| 8:42 | Queue | Villager (Male) |
| 8:53 | Age | Feudal Age |
| 8:55 | Build | Stable |
| 8:58 | Research | Double-Bit Axe |
| 9:07 | Research | Horse Collar |
| 9:19 | Queue | Villager (Male) |
| 9:36 | Queue | Scout Cavalry |
| 9:36 | Queue | Scout Cavalry |
| 9:42 | Build | Palisade Wall |
| 9:46 | Build | Palisade Wall |
| 9:53 | Queue | Scout Cavalry |
| 10:12 | Queue | Villager (Male) |
| 10:25 | Queue | Villager (Male) |
| 10:30 | Build | Farm |
| 10:31 | Build | Farm |
| 10:33 | Build | Farm |
| 10:35 | Build | Farm |
| 10:50 | Queue | Villager (Male) |
| 10:54 | Build | Farm |
| 10:57 | Build | Mining Camp |
| 11:06 | Build | Farm |
| 11:15 | Queue | Villager (Male) |
| 11:26 | Queue | Villager (Male) |
| 11:31 | Build | Watch Tower |
| 11:35 | Build | House |
| 11:47 | Build | Watch Tower |
| 11:48 | Queue | Villager (Male) |
| 11:57 | Build | Farm |
| 12:05 | Queue | Villager (Male) |
| 12:29 | Build | Stone Wall |
| 12:29 | Build | Stone Wall |
| 12:29 | Build | Stone Wall |
| 12:29 | Build | Stone Wall |
| 12:30 | Build | Stone Wall |
| 12:31 | Build | Stone Wall |
| 12:40 | Queue | Villager (Male) |
| 12:51 | Queue | Villager (Male) |
| 12:59 | Queue | Villager (Male) |
| 13:02 | Build | Farm |
| 13:02 | Build | Farm |
| 13:10 | Queue | Villager (Male) |
| 13:17 | Queue | Villager (Male) |
| 13:22 | Build | House |
| 13:29 | Build | Mining Camp |
| 13:37 | Build | Watch Tower |
| 13:42 | Queue | Villager (Male) |
| 13:56 | Build | Farm |
| 14:31 | Build | Blacksmith |
| 14:33 | Queue | Villager (Male) |
| 14:36 | Build | House |
| 14:51 | Build | Farm |
| 14:58 | Build | Stone Wall |
| 14:58 | Build | Stone Wall |
| 15:08 | Queue | Scout Cavalry |
| 15:33 | Research | Fletching |
| 15:39 | Queue | Villager (Male) |
| 15:51 | Build | House |
| 15:54 | Build | Palisade Wall |
| 16:01 | Queue | Villager (Male) |
| 16:06 | Build | House |
| 16:46 | Build | Watch Tower |
| 16:48 | Queue | Villager (Male) |
| 17:18 | Build | House |
| 17:19 | Build | House |
| 17:20 | Build | House |
| 17:25 | Research | Castle Age |
| 17:38 | Build | Stone Wall |
| 17:44 | Build | Stone Wall |
| 17:46 | Build | House |
| 17:50 | Build | Stone Wall |
| 18:02 | Build | Lumber Camp |
| 18:07 | Build | House |
| 18:43 | Queue | Villager (Male) |
| 18:50 | Build | Stable |
| 18:50 | Research | Scale Barding Armor |
| 18:53 | Build | House |
| 18:57 | Build | Watch Tower |
| 19:05 | Build | Farm |
| 19:06 | Build | Farm |
| 19:06 | Build | Farm |
| 19:06 | Build | Farm |
| 19:29 | Queue | Scout Cavalry |
| 19:34 | Queue | Villager (Male) |
| 19:37 | Build | House |
| 20:05 | Age | Castle Age |
| 20:10 | Queue | Knight |
| 20:10 | Queue | Knight |
| 20:17 | Queue | Villager (Male) |
| 20:33 | Queue | Villager (Male) |
| 20:36 | Build | House |
| 20:38 | Build | Palisade Wall |
| 20:47 | Research | Husbandry |
| 20:48 | Queue | Villager (Male) |
| 20:55 | Queue | Villager (Male) |
| 21:02 | Build | Archery Range |
| 21:29 | Build | Lumber Camp |
| 21:32 | Queue | Villager (Male) |
| 21:32 | Queue | Villager (Male) |
| 21:48 | Queue | Cavalry Archer |
| 21:48 | Queue | Cavalry Archer |
| 22:07 | Queue | Cavalry Archer |
| 22:07 | Queue | Cavalry Archer |
| 22:30 | Queue | Cavalry Archer |
| 22:30 | Queue | Cavalry Archer |
| 22:31 | Queue | Villager (Male) |
| 22:38 | Build | Archery Range |
| 22:45 | Research | Bloodlines |
| 22:45 | Research | Bloodlines |
| 23:16 | Queue | Cavalry Archer |
| 23:16 | Queue | Cavalry Archer |
| 23:17 | Queue | Villager (Male) |
| 23:19 | Queue | Villager (Male) |
| 23:26 | Build | Lumber Camp |
| 23:34 | Queue | Cavalry Archer |
| 23:34 | Queue | Cavalry Archer |
| 23:35 | Queue | Villager (Male) |
| 23:41 | Queue | Villager (Male) |
| 23:49 | Queue | Villager (Male) |
| 23:51 | Queue | Cavalry Archer |
| 23:51 | Queue | Cavalry Archer |
| 23:58 | Research | Fletching |
Match timeline
| 5:10 | beta55 · first_building Barracks |
| 6:48 | itsaureus · first_building Donjon |
| 8:27 | itsaureus · wall_segment Palisade Wall x1 |
| 8:29 | beta55 · wall_segment Palisade Wall x8 |
| 8:33 | itsaureus · wall_segment Palisade Wall x1 |
| 8:53 | beta55 · age_up feudal |
| 8:55 | beta55 · first_building Stable |
| 9:03 | itsaureus · wall_segment Palisade Wall x1 |
| 9:05 | itsaureus · wall_segment Palisade Wall x1 |
| 9:11 | itsaureus · wall_segment Palisade Wall x1 |
| 9:12 | itsaureus · wall_segment Palisade Wall x1 |
| 9:42 | beta55 · wall_segment Palisade Wall x5 |
| 9:46 | beta55 · wall_segment Palisade Wall x3 |
| 10:33 | itsaureus · age_up feudal |
| 10:41 | itsaureus · first_building Archery Range |
| 11:37 | itsaureus · wall_segment Palisade Wall x1 |
| 11:38 | itsaureus · wall_segment Palisade Wall x1 |
| 12:29 | beta55 · wall_segment Stone Wall x1 |
| 12:29 | beta55 · wall_segment Stone Wall x1 |
| 12:29 | beta55 · wall_segment Stone Wall x2 |
| 12:29 | beta55 · wall_segment Stone Wall x1 |
| 12:30 | beta55 · wall_segment Stone Wall x1 |
| 12:31 | beta55 · wall_segment Stone Wall x1 |
| 14:51 | itsaureus · age_up castle |
| 14:58 | beta55 · wall_segment Stone Wall x3 |
| 14:58 | beta55 · wall_segment Stone Wall x1 |
| 15:54 | beta55 · wall_segment Palisade Wall x1 |
| 17:38 | beta55 · wall_segment Stone Wall x1 |
| 17:44 | beta55 · wall_segment Stone Wall x1 |
| 17:50 | beta55 · wall_segment Stone Wall x3 |
| 20:05 | beta55 · age_up castle |
| 20:38 | beta55 · wall_segment Palisade Wall x7 |
| 21:02 | beta55 · first_building Archery Range |
| 23:23 | itsaureus · first_building Siege Workshop |
| 23:35 | itsaureus · first_building Barracks |
| 26:29 | itsaureus · first_market_sell 100 wood |
| 26:30 | itsaureus · first_market_buy 100 stone |
| 28:09 | beta55 · first_building Monastery |
| 34:47 | beta55 · first_market_buy 100 stone |
| 35:03 | beta55 · first_building Castle |
| 35:25 | itsaureus · first_building Castle |
| 36:34 | beta55 · age_up imperial |
| 37:18 | itsaureus · age_up imperial |
| 37:39 | itsaureus · first_building Stable |
| 38:18 | beta55 · first_market_sell 100 wood |
| 42:15 | beta55 · wall_segment Stone Wall x1 |
| 42:18 | beta55 · wall_segment Stone Wall x1 |
| 71:23 | itsaureus · first_building Monastery |
| 81:40 | beta55 · wall_segment Palisade Wall x1 |
| 82:02 | beta55 · wall_segment Palisade Wall x1 |
| 82:10 | beta55 · wall_segment Palisade Wall x1 |
| 82:11 | beta55 · wall_segment Palisade Wall x2 |
| 109:56 | beta55 · wall_segment Palisade Wall x1 |
| 112:40 | itsaureus · resign |
[ AI ANALYSIS · 1 CREDIT ]
What really happened in this match?
Wolo.gg analyzes every decision: build order, eco, micro, common mistakes by bracket. Personalized analysis on WhatsApp or Discord in 30 seconds.
Civ guide
Sicilians
Perfil
Jugador #17892725